AoeStats
← xGraviSx

Glade

510317382Analyzed
1v1 RM · 9h ago on Sep 30, 2026· 45m 44s· 2 players
Game mode
Random Map
Map size
Tiny (2 player)
Population
200
Speed
Normal
Resources
Standard
Victory
Conquest
Starting age
Dark Age
Ending age
Imperial Age
RankedLock teamsTeams togetherTeam positionsShared explorationLock speedFull tech treeHidden civsTurbo modeCheats
Victory
Defeat
🇹🇼 Japanese · Taiwan
771
+16
🇳🇴 Britons · Norway
767
-16
xGraviSx
3:01 Loom
11:13 Feudal Age
13:09 Wheelbarrow
11:58 Man-at-Arms
14:01 Double-Bit Axe
21:11 Town Watch
24:36 Horse Collar
26:04 Forging
25:55 Scale Mail Armor
31:25 Castle Age
32:17 Long Swordsman
32:21 Crossbowman
33:50 Iron Casting
33:31 Chain Mail Armor
41:53 Fletching
42:03 Padded Archer Armor
43:06 Bow Saw
42:53 Gold Mining
42:30 Pikeman
42:33 Elite Skirmisher
44:06 Hand Cart
44:43 Squires
44:34 Gambesons
smalltwo295
0:34 Loom
10:25 Feudal Age
11:31 Double-Bit Axe
11:32 Man-at-Arms
19:34 Castle Age
17:24 Horse Collar
18:40 Gold Mining
18:44 Stone Mining
19:24 Arson
19:53 Long Swordsman
23:32 Squires
25:20 Town Watch
27:15 Forging
27:06 Scale Mail Armor
31:19 Wheelbarrow
31:32 Iron Casting
31:12 Chain Mail Armor
35:07 Fletching
35:38 Hand Cart
36:22 Bow Saw
36:15 Bodkin Arrow
36:34 Padded Archer Armor
42:08 Imperial Age
41:14 Elite Skirmisher
41:59 Thumb Ring
41:54 Murder Holes
42:19 Leather Archer Armor
42:24 Town Patrol
42:28 Elite Samurai
43:29 Conscription
43:07 Capped Ram
44:13 Heavy Plow
45:59 Thumb Ring
Connection lost

Rejoining the realm…

Still unreachable

The connection could not be restored.

Session expired

The server has moved on; the page needs a fresh start.